 Dungeon Crawl Stone Soup version 0.21.0-25-ge575cb9 (webtiles) character file.

37 Musashi the Chopper (level 3, -6/33 HPs)
             Began as a Minotaur Berserker on Jan 23, 2018.
             Was a Believer of Trog.
             Mangled by Sigmund
             ... wielding a +0 scythe of venom
              (12 damage)
             ... on level 2 of the Dungeon.
             The game lasted 00:04:05 (1392 turns).

Musashi the Chopper (Minotaur Berserker)            Turns: 1392, Time: 00:04:05

Health: -6/33      AC:  4    Str: 22    XL:     3   Next: 23%
Magic:  2/2        EV: 12    Int:  4    God:    Trog [**....]
Gold:   67         SH:  0    Dex:  9    Spells: 2/2 levels left

rFire    . . .     SeeInvis .   a - +0 hand axe
rCold    . . .     Gourm    .   (no shield)
rNeg     . . .     Faith    .   n - +0 leather armour
rPois    .         Spirit   .   (helmet restricted)
rElec    .         Reflect  .   (no cloak)
rCorr    .         Harm     .   v - +0 pair of gloves
MR       .....                  (no boots)
Stlth    ..........             (no amulet)
HPRegen  0.11/turn              (no ring)
MPRegen  0.08/turn              (no ring)

@: confused, lethally poisoned (-6 -> -30), berserk cooldown, slowed, very slow
A: retaliatory headbutt, horns 2
a: Berserk, Trog's Hand, Burn Spellbooks, Renounce Religion


You were on level 2 of the Dungeon.
You worshipped Trog.
Trog was pleased with you.
You were very hungry.

You visited 1 branch of the dungeon, and saw 2 of its levels.

You collected 67 gold pieces.

Inventory:

Hand Weapons
 a - a +0 hand axe (weapon)
 b - a +0 hunting sling
 m - a +0 mace
Missiles
 f - 56 stones (quivered)
 k - 51 sling bullets
 t - 26 bolts
Armour
 n - a +0 leather armour (worn)
 o - a cursed +0 chain mail
 p - a +0 ring mail
 r - a +0 animal skin
 u - a +0 large shield
 v - a +0 pair of gloves (worn)
Scrolls
 i - 2 scrolls of remove curse {unknown}
 j - a scroll of teleportation {unknown}
 l - 3 scrolls of amnesia {unknown}
 s - a scroll of enchant armour {unknown}
Potions
 d - a potion of magic {unknown}
 e - a potion of brilliance {unknown}
 g - a potion of curing {unknown}
 h - a potion of heal wounds {unknown}
Comestibles
 c - 3 rations


   Skills:
 + Level 4.2 Fighting
 + Level 4.2 Axes
 + Level 0.1 Throwing
 + Level 2.8 Armour
 + Level 2.6 Dodging
 + Level 0.1 Stealth


You had 2 spell levels left.
You didn't know any spells.

Dungeon Overview and Level Annotations

Branches:
Dungeon (2/15)

Altars:

Annotations:
D:2 Sigmund


Innate Abilities, Weirdness & Mutations

You reflexively headbutt those who attack you in melee.
You have a pair of horns on your head.


Message History

Something hits you!
You are poisoned.
You hit something but do no damage.
You feel sick.
You slice something!!
You hear some strange, mumbled words.
You are confused.
You bump into the rock wall.
You feel sick.
You bump into the rock wall.
You feel a strong urge to attack something.
You are no longer berserk.
You are exhausted.
You feel yourself slow down. Something hits you!
You are more poisoned.
You bump into the rock wall.
You feel sick. Something hits you!
* * * LOW HITPOINT WARNING * * *
You are more poisoned.
* * * LOW HITPOINT WARNING * * *
You feel very sick. Something hits you!
You die...

#.# #.# #.# #.#
#.####'###
.........#
#.##.....#
#.##.....#
#.##.....#
#)################
................@#
#.##.###########.#
#.##.# #{# #.##.#
#.# #.##.# #.#
#.##.# #.# #.##.#
#.# #.##.# #.#
#.##.# #.#


There were no monsters in sight!

Vanquished Creatures
  An adder (D:2)
  A dart slug (D:1)
  A leopard gecko (D:2)
  3 giant cockroaches
  4 goblins
  3 hobgoblins
  2 bats (D:2)
  3 frilled lizards
  2 kobolds (D:2)
  6 rats
26 creatures vanquished.

Notes
Turn   | Place    | Note
-------+----------+-------------------------------------------
     0 | D:1      | Musashi the Minotaur Berserker began the quest for the Orb.
     0 | D:1      | Reached XP level 1. HP: 19/19 MP: 0/0
   346 | D:1      | Reached XP level 2. HP: 27/27 MP: 1/1
  1035 | D:2      | Reached XP level 3. HP: 32/33 MP: 2/2
  1307 | D:2      | Reached ** piety under Trog
  1382 | D:2      | Noticed Sigmund
  1392 | D:2      | Mangled by Sigmund

Skill      XL: |  1  2 |
---------------+-------+-----
Fighting       | 4 |  4.2
Axes           | 4 |  4.2
Throwing       | |  0.1
Armour         | |  2.8
Dodging        | |  2.6
Stealth        | |  0.1

Action                   || total
-------------------------++-------
Melee: Hand axe          ||    57
       Headbutt          ||     6
 Fire: Hunting sling     ||     6
Throw: Stone             ||     4
Invok: Berserk           ||     1
  Eat: Chunk             ||     1
Armor: Animal skin       ||     4
       Leather armour    ||     9
Dodge: Dodged            ||    36
